 Dungeon Crawl Stone Soup version 0.26-a0-651-gb41185065b (webtiles) character file.

Game seed: 12853638884060943784

46 Irenicus the Slasher (level 3, -6/33 HPs)
             Began as a Minotaur Chaos Knight on Oct 29, 2020.
             Was a Plaything of Xom.
             Mangled by Robin the acid dragon (shapeshifter) (16 damage)
             ... on level 2 of the Dungeon.
             The game lasted 00:02:16 (745 turns).

Irenicus the Slasher (Minotaur Chaos Knight)         Turns: 745, Time: 00:02:17

Health: -6/33      AC:  5    Str: 16    XL:     3   Next: 44%
Magic:  2/2        EV: 11    Int:  9    God:    Xom [..*...]
Gold:   87         SH:  0    Dex: 10    Spells: 2/2 levels left

rFire    . . .     SeeInvis .   a - +0 falchion (chaos)
rCold    . . .     Faith    .   (no shield)
rNeg     . . .     Spirit   .   b - +2 leather armour
rPois    .         Reflect  +   g - +0 hat
rElec    .         Harm     .   (no cloak)
rCorr    .         Rampage  .   (no gloves)
MR       .....                  (no boots)
Stlth    ..........             d - amulet of reflection
HPRegen  0.11/turn              (no ring)
MPRegen  0.08/turn              (no ring)

@: confused
A: retaliatory headbutt, horns 2
a: Renounce Religion


You were on level 2 of the Dungeon.
You worshipped Xom.
You were a toy of Xom.
You visited 1 branch of the dungeon, and saw 2 of its levels.

You collected 87 gold pieces.

Inventory:

Hand Weapons
 a - a +0 falchion of chaos (weapon)
Armour
 b - a +2 leather armour (worn)
 g - a +0 hat (worn)
   (You found it on level 1 of the Dungeon)
Jewellery
 d - an amulet of reflection (around neck)
   (You found it on level 1 of the Dungeon)
Scrolls
 c - a scroll of magic mapping {unknown}
 h - 2 scrolls of remove curse {unknown}
 j - a scroll of identify {unknown}
Potions
 e - a potion of mutation {unknown}
 f - a potion of lignification {unknown}
 i - a potion of heal wounds {unknown}
 l - a potion of ambrosia


   Skills:
 - Level 4.0 Fighting
 + Level 5.2 Long Blades
 - Level 2.4 Armour
 - Level 1.1 Dodging


You had 2 spell levels left.
You didn't know any spells.
Your spell library was empty.

Dungeon Overview and Level Annotations

Branches:
Dungeon (2/15)

Altars:

Annotations:
D:2 Robin


Innate Abilities, Weirdness & Mutations

You reflexively headbutt those who attack you in melee.
You have a pair of horns on your head.


Message History

You hit the goblin. Lightning courses through the goblin!!
You kill the goblin!
You completely miss the goblin. Your headbutt misses the goblin.
The goblin hits you.
You take 2 damage, and have 22/33 hp.
You barely miss the goblin. The goblin misses you. You furiously retaliate!
You headbutt the goblin!
You kill the goblin!
Robin throws the goblin at you! The goblin hits you but does no damage.
You closely miss the goblin.
Robin roars a battlecry!
The goblins go into a battle-frenzy!
The goblin hits you but does no damage.
You barely miss the goblin. The goblin completely misses you.
You riposte.
You slash the goblin! You freeze the goblin.
You kill the goblin!
The goblin no longer looks unusually strong.
You closely miss the hobgoblin. The hobgoblin closely misses you.
You slash the hobgoblin! You burn the hobgoblin.
You kill the hobgoblin!
Xom guffaws.
The goblin misses your hound.
Your hound bites the goblin.
The goblin dies!
You swing at nothing.
Your hound barely misses the goblin. x2
The goblin barely misses your hound.
You swing at nothing.
Your hound bites the goblin.
The goblin dies!
Robin hits your hound with a +0 dagger.
Your hound bites Robin but does no damage.
Robin closely misses your hound.
You swap places.
Robin closely misses you.
You riposte.
You hit Robin but do no damage.
Items here: ( )) ††.
You hit Robin.
Robin changes into a shapeshifter!
Robin is moderately wounded.
Robin the shapeshifter changes into an acid dragon!
You hit Robin but do no damage.
Robin seems to slow down.
Your headbutt misses Robin.
You swap places.
Your hound bites Robin.
Robin bites your hound. Robin barely misses your hound.
Your hound bites Robin.
Your hound closely misses Robin.
What are your orders? t - Shout!
Orders for allies: a - Attack new target. r - Retreat! s - Stop attacking. g - Guard the area. f - Follow me.
Anything else - Cancel.
Gang up on whom?
Press: ? - help, Dir - move target cursor, f - Robin
Aim: Robin the acid dragon shaped shifter (lightly wounded, slow) Attack!
Your hound barely misses Robin.
Robin barely misses your hound. Robin closely misses your hound.
Your hound closely misses Robin.
Your hound bites Robin but does no damage.
Your hound closely misses Robin.
Robin bites your hound but does no damage.
Robin barely misses your hound.
Your hound bites Robin. x2
Robin bites your hound but does no damage.
Robin misses your hound.
Your hound closely misses Robin.
You swing at nothing.
Your hound completely misses Robin.
Robin closely misses your hound. x2; Your hound closely misses Robin.
You swing at nothing.
Your hound bites Robin but does no damage.
Robin bites your hound! Robin closely misses your hound.
You swing at nothing.
Your hound bites Robin.
Your hound closely misses Robin.
You swing at nothing.
Your hound bites Robin but does no damage.
Robin bites your hound!
Your hound dies!
Your hound's corpse disappears in a puff of smoke!
Robin spits acid at you. The splash of acid misses you.
You block Robin's attack. x2
You hit Robin but do no damage.
Robin is heavily wounded.
Robin bites you. Robin barely misses you.
You take 1 damage, and have 25/33 hp.
You hit Robin but do no damage.
Robin goes berserk!
Xom thinks this is hilarious!
Robin is heavily wounded.
Robin bites you. Robin barely misses you. Robin bites you!
Robin claws you but does no damage.
You take 11 damage, and have 14/33 hp.
MASSIVE DAMAGE!!
You hit Robin. You burn Robin. You headbutt Robin.
Robin is severely wounded.
Xom smirks.
You detect creatures!
You block Robin's attack. Robin claws you but does no damage. Robin bites you.
Robin claws you.
* * * LOW HITPOINT WARNING * * *
You take 7 damage, and have 7/33 hp.
MASSIVE DAMAGE!!
It was a potion of ambrosia.
You are confused.
You feel invigorated.
Xom thinks this is hilarious!
Robin bites you!
You die...
Xom snickers! #.####.###....# g gg J

#.............#
#......###(...#
#.....).).)...#
#.......#†(...#.#
#..............(#
s
#J####..<.....#.#
#D# #.....#..# #
#@#####....#..# r
#...............
########...#...##
b .........
##..[#...##
#...#...#


You could see Robin the acid dragon shaped shifter (berserk) and an ooze.

Vanquished Creatures
  4 dart slugs (D:1)
  A leopard gecko (D:1)
  10 goblins
  5 hobgoblins
  5 bats
  A frilled lizard (D:1)
  3 kobolds
  3 rats (D:1)
32 creatures vanquished.

Vanquished Creatures (collateral kills)
  2 goblins (D:2)
2 creatures vanquished.

Vanquished Creatures (others)
  A plant (D:1)
1 creature vanquished.

Grand Total: 35 creatures vanquished

Notes
Turn   | Place    | Note
-------+----------+-------------------------------------------
     0 | D:1      | Irenicus the Minotaur Chaos Knight began the quest for the
                  | Orb.
     0 | D:1      | Reached XP level 1. HP: 19/19 MP: 0/0
     2 | D:1      | Noticed a draconian
     4 | D:1      | Noticed a tengu
     4 | D:1      | Noticed a naga
     6 | D:1      | Noticed a demigod
     6 | D:1      | Noticed an elf
     8 | D:1      | Noticed a merfolk
    10 | D:1      | Noticed a formicid
    10 | D:1      | Noticed a minotaur
    12 | D:1      | Noticed a vine stalker
    12 | D:1      | Noticed an ogre
    14 | D:1      | Noticed a halfling
    14 | D:1      | Noticed a centaur
    16 | D:1      | Noticed a dwarf
    18 | D:1      | Noticed a felid
    20 | D:1      | Noticed a demonspawn
    20 | D:1      | Noticed an octopode
    22 | D:1      | Noticed a spriggan
    22 | D:1      | Noticed a human
    24 | D:1      | Noticed a ghoul
    24 | D:1      | Noticed a vampire
    26 | D:1      | Noticed a troll
    26 | D:1      | Noticed a gargoyle
    31 | D:1      | XOM: silly message
    60 | D:1      | XOM: silly message
   111 | D:1      | HP: 5/20 [something (1)]
   154 | D:1      | XOM: silly message
   245 | D:1      | Reached skill level 4 in Fighting
   245 | D:1      | Reached skill level 4 in Long Blades
   245 | D:1      | Reached XP level 2. HP: 13/27 MP: 1/1
   598 | D:1      | Reached XP level 3. HP: 32/33 MP: 2/2
   686 | D:2      | Noticed Robin
   688 | D:2      | Reached skill level 5 in Long Blades
   718 | D:2      | XOM: cast spell 'Call Canine Familiar'
   725 | D:2      | Noticed Robin
   725 | D:2      | Robin changed into Robin the shapeshifter
   725 | D:2      | Noticed Robin
   725 | D:2      | Robin the shapeshifter changed into Robin the acid dragon
   744 | D:2      | XOM: divination: detect creatures
   744 | D:2      | HP: 7/33 [Robin the acid dragon (shapeshifter) (5)]
   745 | D:2      | Mangled by Robin the acid dragon (shapeshifter)

Illustrated notes

Levels and vault maps discovered:
D:1:      kb_arrival_jail, layout_loops_ring, serial_bayou_ford_a
D:2:      minmay_angry_zag, layout_basic, overflow_temple_1_default, uniq_robin

Skill      XL: |  1  2  3 |
---------------+----------+-----
Fighting       | 4 |  4.0
Long Blades    | 4 5 |  5.2
Armour         | |  2.4
Dodging        | |  1.1

Action                   || total
-------------------------++-------
Melee: Falchion          ||    79
       Headbutt          ||     6
  Use: Scroll            ||     1
       Potion            ||     1
Armor: Leather armour    ||    28
Dodge: Dodged            ||    36
Block: Other             ||    16
       Rpst.: Falchion   ||    12

Table legend: (Time is in decaauts)
 A = Elapsed time spent in this place.
 B = Non-inter-level travel time spent in this place.
 C = Inter-level travel time spent in this place.
 D = Time resting spent in this place.
 E = Time spent auto-exploring this place.
 F = Levels seen in this place.
 G = Mean time per level.
                   A        B        C        D        E       F      G
               +--------+--------+--------+--------+--------+-----+--------+
         Total |    752 |    722 |     30 |      0 |    476 |   2 |  376.0 |
       Dungeon |    752 |    722 |     30 |      0 |    476 |   2 |  376.0 |
               +--------+--------+--------+--------+--------+-----+--------+

Top non-repeatable levels by time:
     D:1: 685 daAuts
     D:2: 66 daAuts

Table legend:
 A = Kills in this place as a percentage of kills in entire the game.
 B = Kills by you in this place as a percentage of kills by you in the entire game.
 C = Kills by friends in this place as a percentage of kills by friends in the entire game.
 D = Other kills in this place as a percentage of other kills in the entire game.
 E = Experience gained in this place as a percentage of experience gained in the entire game.
 F = Experience gained in this place divided by the number of levels of this place that you have seen.
                   A       B       C       D       E      F
               +-------+-------+-------+-------+-------+----------------------
         Total | 100.0 | 100.0 | 100.0 |   N/A | 100.0 |  33.0
       Dungeon | 100.0 | 100.0 | 100.0 |   N/A | 100.0 |  33.0
               +-------+-------+-------+-------+-------+----------------------
